 Dungeon Crawl Stone Soup version 0.20.1-1-g8b1a95d (webtiles) character file.

264579 vatarom the Eclecticist (level 19, -10/142 HPs)
             Began as a Demonspawn Fire Elementalist on Oct 10, 2017.
             Was the Champion of Vehumet.
             Mangled by a cyan very ugly thing (26 damage)
             ... on level 2 of the Vaults.
             The game lasted 02:27:56 (47610 turns).

vatarom the Eclecticist (DsFE)                     Turns: 47610, Time: 02:27:56

Health: -10/142    AC: 21    Str: 12    XL:     19   Next: 28%
Magic:  32/63      EV: 15    Int: 26    God:    Vehumet [******]
Gold:   1177       SH:  3    Dex: 14    Spells: 9/51 levels left

rFire    + + .     SeeInvis +   c - staff of power
rCold    + . .     Gourm    .   (no shield)
rNeg     + . .     Faith    .   J - +0 swamp dragon scales
rPois    +         Spirit   .   (helmet unavailable)
rElec    .         Reflect  +   C - scarf {rC+ rF+}
rCorr    .         Harm     .   e - +2 pair of gloves {Str+3}
MR       ++...                  l - +2 pair of boots
Stlth    +.........             Y - +3 amulet of reflection (curse)
Regen    0.4/turn               q - ring "Gaif" {Wiz MR+}
MPRegen  0.4/turn               p - ring of the Evening {rN+ MP+9 Int+2}

@: no status effects
A: antennae 3, iridescent scales 3, fire resistance 1, spiny 3, rot immunity
}: 2/15 runes: decaying, gossamer
a: Renounce Religion


You were on level 2 of the Vaults.
You worshipped Vehumet.
Vehumet was exalted by your worship.
You were hungry.

You visited 7 branches of the dungeon, and saw 34 of its levels.
You also visited: Ossuary and Ice Cave.

You collected 3964 gold pieces.
You spent 2787 gold pieces at shops.

Inventory:

Hand Weapons
 i - a +0 executioner's axe of freezing
Armour
 e - a +2 pair of gloves of strength (worn)
 l - a +2 pair of boots (worn)
 C - a scarf of resistance (worn)
 J - +0 swamp dragon scales (worn)
Magical Staves
 c - an uncursed staff of power (weapon)
Jewellery
 p - the ring of the Evening (right hand) {rN+ MP+9 Int+2}
   (You bought it in a shop on level 2 of the Orcish Mines)

   [ring of magical power]

   It affects your intelligence (+2).
   It protects you from negative energy.
   It affects your magic capacity (+9).
 q - the ring "Gaif" (left hand) {Wiz MR+}
   (You bought it in a shop on level 2 of the Orcish Mines)

   [ring of wizardry]

   It improves your spell success rate.
   It affects your resistance to hostile enchantments.
 E - an uncursed ring of wizardry
 Y - a cursed +3 amulet of reflection (around neck)
Wands
 b - a wand of iceblast (11/15)
 g - a wand of acid (1/15)
 y - a wand of digging (14/24)
 F - a wand of iceblast (6/15)
 H - a wand of lightning (6/15)
 O - a wand of lightning (2/15)
 R - a wand of confusion (20/48)
 U - a wand of acid (2/15)
 X - a wand of polymorph (15/24)
Scrolls
 a - a scroll of blinking
 d - 9 scrolls of recharging
 j - 7 scrolls of fog
 r - 2 scrolls of fear
 t - a scroll of magic mapping
 u - a scroll of amnesia
 z - a scroll of enchant armour
 A - 13 scrolls of remove curse
 B - 4 scrolls of enchant weapon
 G - 4 scrolls of teleportation
Potions
 f - 5 potions of might
 k - 3 potions of brilliance
 m - 8 potions of ambrosia
 s - 4 potions of cancellation
 v - 4 potions of resistance
 w - 7 potions of curing
 x - 6 potions of agility
 D - 5 potions of flight
 L - 2 potions of haste
 N - a potion of heal wounds
 Q - a potion of berserk rage
 S - a potion of mutation
 V - 2 potions of invisibility
Books
 T - a book of Power

   Spells                             Type                      Level
   a - Iskenderun's Battlesphere      Conjuration/Charms           5
   b - Venom Bolt                     Conjuration/Poison           5
   c - Bolt of Magma                  Conjuration/Fire/Earth       5
   d - Iron Shot                      Conjuration/Earth            6
   e - Orb of Destruction             Conjuration                  7
   f - Spellforged Servitor           Conjuration/Summoning        7
Miscellaneous
 o - a fan of gales
 P - a phial of floods
 W - a lamp of fire
Comestibles
 h - 11 royal jellies
 n - a fruit
 I - 13 chunks of flesh
 K - a meat ration
 M - a bread ration


   Skills:
 - Level 10.8 Fighting
 + Level 6.8 Armour
 - Level 8.1 Dodging
 - Level 1.7 Stealth
 + Level 16.6 Spellcasting
 + Level 16.5 Conjurations
 * Level 15.9 Fire Magic
 - Level 11.0 Evocations


You had 9 spell levels left.
You knew the following spells:

 Your Spells              Type           Power        Failure   Level  Hunger
a - Flame Tongue          Conj/Fire      #####        0%          1    None
b - Throw Flame           Conj/Fire      ######       0%          2    None
c - Conjure Flame         Conj/Fire      #######.     0%          3    None
d - Sticky Flame          Conj/Fire      #######.     1%          4    None
e - Fireball              Conj/Fire      #######...   1%          5    None
f - Static Discharge      Conj/Air       ######..     1%          3    None
g - Iskenderun's Mystic   Conj           #######.     1%          4    None
h - Bolt of Magma         Conj/Fire/Erth ######....   1%          5    None
i - Orb of Destruction    Conj           #######...   1%          7    #####..
j - Ignition              Fire           #######...   4%          8    ######.


Dungeon Overview and Level Annotations

Branches:
Dungeon (15/15)            Temple (1/1) D:4            Lair (6/6) D:10
  Swamp (4/4) Lair:4       Spider (4/4) Lair:4        Slime (0/5) Lair:5
    Orc (2/2) D:10            Elf (0/3) Orc:2        Vaults (2/5) D:14
 Depths (0/5) D:15
  Crypt: Vaults:2-3

Altars:
Ashenzari
Cheibriados
Dithmenos
Elyvilon
Fedhas
Gozag
Hepliaklqana
Kikubaaqudgha
Makhleb
Nemelex Xobeh
Okawaru
Qazlal
Ru
Sif Muna
Trog
Uskayaw
Vehumet
Xom
Yredelemnul
Zin
The Shining One

Shops:
D:8 }   D:13 (   D:15 [   Orc:2 =*([   Vaults:1 *

Annotations:
D:9 werewolf75's ghost, novice FoFi


Innate Abilities, Weirdness & Mutations

You have a pair of large antennae on your head. (SInv)
You are completely covered in iridescent scales. (AC +6)
Your flesh is heat resistant. (rF+)
You are completely covered in sharp spines.
You are immune to rotting.


Message History

Casting: Bolt of Magma
Confirm with . or Enter, or press ? or * to list all spells.
The air bursts into flame!
The fireball engulfs the cyan very ugly thing.
The cyan very ugly thing is moderately wounded.
You are feeling hungry.
The cyan very ugly thing is struck by your spines.
The cyan very ugly thing bites you! The cyan very ugly thing shocks you!!
* * * LOW HITPOINT WARNING * * *
Casting: Ignition
Confirm with . or Enter, or press ? or * to list all spells.
Aiming: Bolt of Magma
Press: ? - help, Shift-Dir - straight line, f/p - cyan very ugly thing
Aim: a cyan very ugly thing (heavily wounded)
The bolt of magma hits the cyan very ugly thing.
The cyan very ugly thing is severely wounded.
The cyan very ugly thing bites you!
* * * LOW HITPOINT WARNING * * *
The cyan very ugly thing shocks you!!
You die...

#######################
.......................
..........†....^.......
########.#############..
.......#.#..)#<..#...#..
#.#....#.#..)))......#..
.......#.#).)#...#...#..
#...u@.##.###.###.##..
.......#.#..)#[..#...#.#
#.#....#.'...#...#...#.#
.......#.#...#...#(..#.#
#.#....#.##.###.###.##.#
.....>.#.#...#...#...#.#
#.#....#.#.........).#.'
....... .#...#...#...#.#
##########)##.#


You could see a cyan very ugly thing.

Vanquished Creatures
  Bai Suzhen (Spider:4)
  Nikola (Swamp:1)
  Arachne (Spider:4)
  The ghost of Monsterracer the Deadly Accurate, an adept OgAM of Okawaru (Vaults:1)
  Gastronok (D:12)
  4 thorn hunters
  Frances (Spider:2)
  Kirke (Spider:4)
  Donald (Vaults:1)
  4 ghost moths
  Roxanne (Swamp:1)
  The ghost of kalagan the Markshalfling, an adept HaHu of Okawaru (Swamp:2)
  Louise (Swamp:3)
  Aizul (Swamp:2)
  2 vault wardens
  8 emperor scorpions
  A ghoul (Vaults:1)
  2 orc warlords
  2 ironheart preservers (Vaults:1)
  6 entropy weavers
  5 very ugly things
  The ghost of dvd the Unseen, a journeyman FeTm of Dithmenos (Spider:2)
  Snorg (Orc:2)
  Josephine (Swamp:1)
  A fire dragon (D:15)
  2 great orbs of eyes (Vaults:1)
  2 ogre magi (Vaults:1)
  Harold (D:10)
  A rakshasa (D:14)
  2 ice dragons
  A vault guard (D:14)
  A ghost crab (Swamp:4)
  30 hydras
  4 centaur warriors
  4 death knights
  5 alligators
  3 death yaks (Lair:6)
  11 two-headed ogres
  A deep troll earth mage (Vaults:1)
  2 spriggan berserkers (Swamp:4)
  4 orc high priests
  3 deep elf knights (Vaults:1)
  8 skeletal warriors
  8 spriggans
  The ghost of Rhok the Knight, a novice DsFi of Okawaru (D:8)
  3 unseen horrors
  2 deep trolls (Vaults:1)
  A spriggan druid (Swamp:3)
  A shambling mangrove (Swamp:3)
  A wizard (Vaults:1)
  5 swamp dragons
  A glowing orange brain (Vaults:2)
  2 deep elf archers (Vaults:1)
  A lindwurm (Lair:3)
  3 ironbrand convokers
  4 phantasmal warriors
  The ghost of Rhok the Carver, a novice VSFi (D:7)
  4 deep elf magi
  An oklob plant (Lair:5)
  12 orc knights
  31 orb spiders
  9 ugly things
  4 orc sorcerers
  47 wolf spiders
  4 cyclopes
  2 manticores
  9 elephants (Lair:5)
  5 moths of wrath
  3 centaur zombies
  Joseph (D:10)
  3 ice statues (IceCv)
  21 spiny frogs
  The ghost of Zgarb the Abyss-Baptised, a novice DsAK of Lugonu (D:5)
  A gargoyle (D:13)
  5 centaur skeletons
  10 yaktaurs
  4 rime drakes
  3 freezing wraiths
  15 demonic crawlers
  3 kobold demonologists (D:15)
  7 komodo dragons
  A queen bee (shapeshifter) (D:14)
  4 trolls
  32 jumping spiders
  2 polar bears (Lair:5)
  26 hornets
  32 blink frogs
  3 meliai
  9 tyrant leeches
  11 hippogriffs
  30 slime creatures
  9 bog bodies
  33 tarantellas
  4 wyverns
  4 shadows
  12 wraiths
  66 redbacks
  18 yaks
  A human (D:11)
  A basilisk (Lair:5)
  The ghost of matthes123 the Chopper, an amateur DsFi (D:4)
  5 hogs
  A steam dragon (D:11)
  13 vampire mosquitoes
  8 wargs
  A hungry ghost (D:13)
  10 insubstantial wisps (Swamp:3)
  An acid dragon (Vaults:1)
  A soldier ant (shapeshifter) (D:15)
  15 swamp worms
  15 water moccasins
  A soldier ant (D:12)
  10 porcupines
  11 swamp drakes
  32 orc warriors
  A black bear (Lair:3)
  3 sky beasts
  A hornet zombie (D:15)
  9 ice beasts
  3 phantoms
  An eye of draining (D:11)
  2 necrophages (D:10)
  12 ogres
  15 centaurs
  12 crocodiles
  A big kobold (D:15)
  24 bullfrogs
  A gnoll sergeant (Orc:1)
  A wyvern zombie (D:14)
  A water moccasin skeleton (D:8)
  A wyvern skeleton (D:15)
  6 scorpions
  15 killer bees
  27 wights
  6 howler monkeys
  4 electric eels
  7 crimson imps
  A quasit (D:10)
  2 bullfrog zombies
  7 jellies
  22 orc priests
  8 hounds
  26 orc wizards
  4 bullfrog skeletons
  6 iguanas
  18 worker ants
  2 hound zombies
  2 hound skeletons
  11 mummies (Ossuary)
  3 worker ant zombies
  14 adders
  3 shadow imps
  3 oozes
  4 adder zombies
  An adder skeleton (D:4)
  3 worms
  3 dart slugs
  6 leopard geckos
  92 orcs
  4 bats
  8 giant cockroaches
  4 hobgoblins
  15 jackals
  2 quokkas
  A ball python (D:4)
  7 frilled lizards
  2 gnoll skeletons (Ossuary)
  4 goblins
  A goblin skeleton (Ossuary)
  A jackal skeleton (D:8)
  9 kobolds
  A kobold skeleton (Ossuary)
  A leopard gecko skeleton (D:5)
  A leopard gecko zombie (D:7)
  4 orc skeletons (Ossuary)
  9 rats
  11 rat skeletons (Ossuary)
  A fungus (Orc:2)
  6 plants
1283 creatures vanquished.

Vanquished Creatures (others)
  A swamp dragon (Swamp:1)
  A mummy (Ossuary)
  18 fungi
  31 plants
51 creatures vanquished.

Grand Total: 1334 creatures vanquished

Notes
Turn   | Place    | Note
-------+----------+-------------------------------------------
     0 | D:1      | vatarom the Demonspawn Fire Elementalist began the quest for the Orb.
     0 | D:1      | Reached XP level 1. HP: 13/13 MP: 3/3
   157 | D:1      | Gained mutation: You are partially covered in iridescent scales. (AC +2) [demonic ancestry]
   157 | D:1      | Reached XP level 2. HP: 17/20 MP: 0/5
   652 | D:1      | Reached XP level 3. HP: 22/25 MP: 4/6
   656 | D:1      | Learned a level 2 spell: Throw Flame
   660 | D:1      | Learned a level 3 spell: Conjure Flame
  1008 | D:2      | Found a faded altar of an unknown god.
  1035 | D:2      | Reached skill level 1 in Fighting
  1546 | D:2      | Reached XP level 4. HP: 27/32 MP: 3/8
  2764 | D:3      | Reached XP level 5. HP: 6/38 MP: 1/9
  2966 | D:3      | Learned a level 4 spell: Sticky Flame
  3176 | D:4      | Noticed matthes123's ghost (amateur DsFi)
  3503 | D:4      | Killed matthes123's ghost
  3503 | D:4      | Gained mutation: You have a pair of small antennae on your head. [demonic ancestry]
  3503 | D:4      | Reached XP level 6. HP: 44/46 MP: 1/11
  3671 | D:4      | Found a staircase to the Ecumenical Temple.
  3711 | Temple   | Entered the Ecumenical Temple
  3782 | Temple   | Became a worshipper of Vehumet
  4381 | D:4      | Found a burning altar of Makhleb.
  4495 | D:4      | Reached skill level 5 in Fire Magic
  4495 | D:4      | Gained mutation: You have a pair of antennae on your head. [demonic ancestry]
  4495 | D:4      | Reached XP level 7. HP: 50/52 MP: 2/13
  4841 | D:5      | Entered Level 5 of the Dungeon
  5097 | D:5      | Noticed Zgarb's ghost (novice DsAK)
  5147 | D:5      | Killed Zgarb's ghost
  5156 | D:5      | Gained mutation: You are immune to rotting. [demonic ancestry]
  5156 | D:5      | Reached XP level 8. HP: 31/60 MP: 0/15
  5417 | D:5      | Reached * piety under Vehumet
  5417 | D:5      | Offered knowledge of Shock by Vehumet.
  5580 | D:5      | Learned a level 5 spell: Fireball
  5870 | D:6      | Found a sand-covered staircase.
  5878 | Ossuary  | Entered an ossuary
  6045 | Ossuary  | Reached skill level 5 in Spellcasting
  6295 | Ossuary  | Offered knowledge of Sandblast by Vehumet.
  6326 | Ossuary  | Reached ** piety under Vehumet
  7160 | D:6      | Reached skill level 5 in Fighting
  7409 | D:6      | Reached skill level 5 in Conjurations
  7409 | D:6      | Gained mutation: You are mostly covered in iridescent scales. (AC +4) [demonic ancestry]
  7409 | D:6      | Reached XP level 9. HP: 65/68 MP: 9/17
  7487 | D:6      | Offered knowledge of Static Discharge by Vehumet.
  7649 | D:7      | Noticed Rhok's ghost (novice VSFi)
  7665 | D:7      | Killed Rhok's ghost
  7836 | D:7      | Noticed a troll
  7844 | D:7      | Killed a troll
  8184 | D:7      | Reached *** piety under Vehumet
  8238 | D:7      | Learned a level 3 spell: Static Discharge
  8567 | D:7      | Offered knowledge of Iskenderun's Mystic Blast by Vehumet.
  8686 | D:8      | Gained mutation: You are completely covered in iridescent scales. (AC +6) [demonic ancestry]
  8686 | D:8      | Reached XP level 10. HP: 65/77 MP: 15/19
  8824 | D:8      | Noticed Rhok's ghost (novice DsFi)
  8856 | D:8      | Killed Rhok's ghost
  8857 | D:8      | Noticed a two-headed ogre
  8860 | D:8      | Noticed a two-headed ogre
  8992 | D:8      | Reached **** piety under Vehumet
  9059 | D:8      | Learned a level 4 spell: Iskenderun's Mystic Blast
  9370 | D:8      | Found Taac's Gadget Shoppe.
  9484 | D:8      | Killed a two-headed ogre
  9725 | D:8      | Noticed a two-headed ogre
  9732 | D:8      | Killed a two-headed ogre
 10465 | D:9      | Offered knowledge of Bolt of Magma by Vehumet.
 10713 | D:9      | Noticed werewolf75's ghost (novice FoFi)
 10951 | D:10     | Entered Level 10 of the Dungeon
 11146 | D:10     | Reached XP level 11. HP: 85/85 MP: 16/22
 11155 | D:10     | Found a staircase to the Orcish Mines.
 11312 | D:10     | Noticed a two-headed ogre
 11320 | D:10     | Killed a two-headed ogre
 11407 | D:10     | Noticed Harold
 11422 | D:10     | Killed Harold
 11422 | D:10     | Reached skill level 10 in Conjurations
 11771 | D:10     | Noticed Joseph
 11777 | D:10     | Killed Joseph
 12025 | D:10     | Found a staircase to the Lair.
 12528 | D:11     | Reached skill level 1 in Evocations
 12580 | D:11     | Reached ***** piety under Vehumet
 12735 | D:11     | Offered knowledge of Venom Bolt by Vehumet.
 12778 | D:11     | Noticed a two-headed ogre
 12785 | D:11     | Killed a two-headed ogre
 13860 | Lair:1   | Entered Level 1 of the Lair of Beasts
 13981 | Lair:1   | Got a twisted great sword
 14069 | Lair:1   | Found a frozen archway.
 14130 | IceCv    | Entered an ice cave
 14235 | IceCv    | Noticed a white ugly thing
 14242 | IceCv    | Killed a white ugly thing
 14242 | IceCv    | Gained mutation: You have a pair of large antennae on your head. (SInv) [demonic ancestry]
 14242 | IceCv    | Reached XP level 12. HP: 61/94 MP: 24/24
 14929 | IceCv    | Learned a level 5 spell: Venom Bolt
 15175 | IceCv    | Identified Houdoigh's Catalogue of Hexes
 15192 | IceCv    | Identified the +3 great sword of Vauti {drain, rElec rF+} (You found it on level 1 of the Lair of Beasts)
 17255 | Lair:3   | Learned a level 5 spell: Bolt of Magma
 17330 | Lair:3   | Found a deep blue altar of Sif Muna.
 17455 | Lair:3   | Reached skill level 10 in Fire Magic
 18031 | Lair:4   | Found a staircase to the Swamp.
 18031 | Lair:4   | Noticed a five-headed hydra
 18036 | Lair:4   | Killed a five-headed hydra
 18077 | Lair:4   | Found a hole to the Spider Nest.
 18118 | Lair:4   | Noticed a four-headed hydra
 18122 | Lair:4   | Killed a four-headed hydra
 18687 | Lair:5   | Reached skill level 10 in Spellcasting
 18687 | Lair:5   | Reached skill level 5 in Evocations
 18940 | Lair:5   | Found a hazy altar of Hepliaklqana.
 18978 | Lair:5   | Gained mutation: You are partially covered in sharp spines. [demonic ancestry]
 18978 | Lair:5   | Reached XP level 13. HP: 51/102 MP: 4/27
 19468 | Lair:5   | Found a staircase to the Slime Pits.
 19949 | Lair:5   | Reached skill level 10 in Fighting
 20140 | Lair:5   | Offered knowledge of Airstrike by Vehumet.
 20321 | Lair:6   | Entered Level 6 of the Lair of Beasts
 21467 | Lair:6   | Got an ichor-stained flail
 21568 | Lair:6   | Learned a level 7 spell: Orb of Destruction
 22303 | Lair:6   | Gained mutation: You are mostly covered in sharp spines. [demonic ancestry]
 22303 | Lair:6   | Reached XP level 14. HP: 94/111 MP: 21/29
 22962 | Lair:6   | Got a bloodstained robe
 22963 | Lair:6   | Identified the cursed +1 flail of Ru's Reproof {crush, rF+++} (You found it on level 6 of the Lair of Beasts)
 22964 | Lair:6   | Identified the cursed +0 robe of the Other World {rElec rCorr SInv} (You found it on level 6 of the Lair of Beasts)
 23310 | D:12     | Offered knowledge of Bolt of Fire by Vehumet.
 23767 | D:12     | Noticed Gastronok
 23801 | D:12     | Killed Gastronok
 24814 | D:13     | Found Egon's Weapon Shop.
 26225 | D:14     | Offered knowledge of Lee's Rapid Deconstruction by Vehumet.
 28277 | D:14     | Found a gate to the Vaults.
 28355 | D:15     | Entered Level 15 of the Dungeon
 28422 | D:15     | Gained mutation: You are completely covered in sharp spines. [demonic ancestry]
 28422 | D:15     | Reached XP level 15. HP: 101/117 MP: 16/31
 28675 | D:15     | Found Kuah's Antique Armour Boutique.
 28692 | D:15     | Bought a pitted ring mail for 198 gold pieces
 28692 | D:15     | Identified the +2 ring mail of Forking Paths {rPois Str+3 Int+3 Dex+2} (You bought it in a shop on level 15 of the Dungeon)
 28866 | D:15     | Found a staircase to the Depths.
 29667 | Orc:1    | Entered Level 1 of the Orcish Mines
 29829 | Orc:2    | Entered Level 2 of the Orcish Mines
 29829 | Orc:2    | Found Honoskesie's Food Shop.
 29838 | Orc:2    | Noticed Snorg
 29840 | Orc:2    | Noticed an orc warlord
 29845 | Orc:2    | Found Qotu's Jewellery Shoppe.
 29849 | Orc:2    | Found Wustralyu's Antique Weapon Emporium.
 29867 | Orc:2    | Found Ylail's General Store.
 30178 | Orc:1    | Offered knowledge of Bolt of Cold by Vehumet.
 30352 | Orc:1    | Noticed an orc warlord
 30356 | Orc:1    | Killed an orc warlord
 30724 | Orc:2    | Killed Snorg
 31067 | Orc:2    | Reached skill level 5 in Dodging
 31308 | Orc:2    | Killed an orc warlord
 31377 | Orc:2    | Bought the ring "Gaif" {Wiz MR+} for 596 gold pieces
 31419 | Orc:2    | Found Neolib's Antique Armour Shop.
 31429 | Orc:2    | Bought a runed scarf for 288 gold pieces
 31429 | Orc:2    | Bought an embroidered scarf for 288 gold pieces
 31429 | Orc:2    | Bought a glowing cloak for 270 gold pieces
 31672 | Orc:2    | Bought a fruit for 15 gold pieces
 31672 | Orc:2    | Bought a bread ration for 50 gold pieces
 31672 | Orc:2    | Bought a bread ration for 50 gold pieces
 31672 | Orc:2    | Bought a royal jelly for 20 gold pieces
 31672 | Orc:2    | Bought 2 fruits for 30 gold pieces
 31672 | Orc:2    | Bought a meat ration for 50 gold pieces
 31672 | Orc:2    | Bought a bread ration for 50 gold pieces
 31672 | Orc:2    | Bought a bread ration for 50 gold pieces
 31672 | Orc:2    | Bought a royal jelly for 20 gold pieces
 31672 | Orc:2    | Bought a meat ration for 50 gold pieces
 31672 | Orc:2    | Bought a royal jelly for 20 gold pieces
 31672 | Orc:2    | Bought a bread ration for 50 gold pieces
 31672 | Orc:2    | Bought a royal jelly for 20 gold pieces
 31743 | Orc:2    | Found a staircase to the Elven Halls.
 32179 | Swamp:1  | Entered Level 1 of the Swamp
 32183 | Swamp:1  | Noticed Roxanne
 32215 | Swamp:1  | Noticed a thorn hunter
 32217 | Swamp:1  | Killed a thorn hunter
 32470 | Swamp:1  | Noticed Josephine
 32475 | Swamp:1  | Killed Josephine
 32510 | Swamp:1  | Reached ****** piety under Vehumet
 32740 | Swamp:1  | Noticed Nikola
 32744 | Swamp:1  | Killed Nikola
 33288 | Swamp:1  | Offered knowledge of Ozocubu's Refrigeration by Vehumet.
 33495 | Swamp:1  | Killed Roxanne
 33495 | Swamp:1  | Reached XP level 16. HP: 124/124 MP: 29/34
 33612 | Swamp:2  | Noticed kalagan's ghost (adept HaHu)
 33624 | Swamp:2  | Killed kalagan's ghost
 33625 | Swamp:2  | Noticed Aizul
 34627 | Swamp:2  | Killed Aizul
 34856 | Swamp:2  | Noticed a thorn hunter
 34859 | Swamp:2  | Killed a thorn hunter
 34968 | Swamp:3  | Reached skill level 10 in Evocations
 35480 | Swamp:3  | Noticed a thorn hunter
 35485 | Swamp:3  | Killed a thorn hunter
 35915 | Swamp:3  | Noticed Louise
 35922 | Swamp:3  | Killed Louise
 36289 | Swamp:4  | Entered Level 4 of the Swamp
 36768 | Swamp:4  | Offered knowledge of Poison Arrow by Vehumet.
 37373 | Swamp:4  | Reached skill level 15 in Spellcasting
 37486 | Swamp:4  | Noticed a thorn hunter
 37490 | Swamp:4  | Killed a thorn hunter
 37690 | Swamp:4  | Got a decaying rune of Zot
 38010 | Spider:1 | Entered Level 1 of the Spider Nest
 38295 | Spider:1 | Reached XP level 17. HP: 119/130 MP: 27/36
 38989 | Spider:1 | Offered knowledge of Lehudib's Crystal Spear by Vehumet.
 38989 | Spider:1 | Offered knowledge of Tornado by Vehumet.
 38989 | Spider:1 | Offered knowledge of Ignition by Vehumet.
 38999 | Spider:1 | Learned a level 8 spell: Ignition
 39280 | Spider:2 | Noticed Frances
 39866 | Spider:1 | Reached skill level 15 in Conjurations
 40323 | Spider:2 | Reached skill level 1 in Armour
 40329 | Spider:2 | Noticed dvd's ghost (journeyman FeTm)
 40333 | Spider:2 | Killed dvd's ghost
 40388 | Spider:2 | Identified a scroll of acquirement
 40401 | Spider:2 | Killed Frances
 41297 | Orc:2    | Bought the ring of the Evening {rN+ MP+9 Int+2} for 495 gold pieces
 42154 | Spider:4 | Entered Level 4 of the Spider Nest
 42162 | Spider:4 | Noticed Kirke
 42164 | Spider:4 | Killed Kirke
 42167 | Spider:4 | Noticed Bai Suzhen
 42555 | Spider:4 | Reached XP level 18. HP: 125/136 MP: 37/37
 43060 | Spider:4 | Noticed Arachne
 43067 | Spider:4 | Killed Arachne
 43772 | Spider:4 | Killed Bai Suzhen
 44234 | Spider:4 | Reached skill level 5 in Armour
 44434 | Spider:4 | Got a gossamer rune of Zot
 44929 | Vaults:1 | Entered Level 1 of the Vaults
 45012 | Vaults:1 | Reached skill level 15 in Fire Magic
 45105 | Vaults:1 | Noticed Monsterracer's ghost (adept OgAM)
 45113 | Vaults:1 | Killed Monsterracer's ghost
 45183 | Vaults:1 | Noticed Donald
 45186 | Vaults:1 | Killed Donald
 46303 | Vaults:1 | Gained mutation: Your flesh is heat resistant. (rF+) [demonic ancestry]
 46303 | Vaults:1 | Reached XP level 19. HP: 142/142 MP: 36/39
 46529 | Vaults:1 | Found Boecluh's Assorted Antiques.
 46848 | Orc:2    | Bought a cursed +3 amulet of reflection for 177 gold pieces
 47138 | Vaults:1 | Got a smelly chain mail
 47149 | Vaults:1 | Identified the +4 chain mail of the Hippo {rElec rCorr Str+4 Stlth-} (You found it on level 1 of the Vaults)
 47610 | Vaults:2 | Mangled by a cyan very ugly thing

Skill      XL: |  1  2  3  4  5  6  7  8  9 10 11 12 13 14 15 16 17 18 |
---------------+-------------------------------------------------------+-----
Fire Magic     | 3 4 5 6 7 8 9 10 11 12 14 15 | 15.9
Fighting       | 1 2 3 4 5 6 7 8 9 10 | 10.8
Conjurations   | 2 5 7 9 11 12 13 14 15 16 | 16.5
Spellcasting   | 3 4 5 6 7 8 10 11 12 14 15 16 | 16.6
Evocations     | 3 5 6 8 9 10 11 | 11.0
Dodging        | 4 6 7 8 |  8.1
Armour         | 3 6 |  6.8
Stealth        | |  1.7

Action                   |  1- 3 |  4- 6 |  7- 9 | 10-12 | 13-15 | 16-18 | 19-21 || total
-------------------------+-------+-------+-------+-------+-------+-------+-------++-------
Melee: Dagger            |    64 |    29 |       |       |       |       |       ||    93
       Unarmed           |     6 |       |       |       |       |       |       ||     6
       Short sword       |       |     6 |   110 |    37 |       |       |       ||   153
       Staff             |       |       |       |     8 |    64 |   146 |     2 ||   220
       Executioner's axe |       |       |       |       |       |     3 |       ||     3
 Cast: Flame Tongue      |    59 |   117 |   305 |   514 |   213 |    10 |     3 ||  1221
       Throw Flame       |     1 |     3 |     1 |     7 |     8 |       |       ||    20
       Sticky Flame      |       |       |     6 |    42 |    75 |    25 |       ||   148
       Conjure Flame     |       |       |     5 |    13 |     6 |       |       ||    24
       Fireball          |       |       |     3 |    63 |   185 |   170 |    39 ||   460
       Iskenderun's Myst |       |       |       |    19 |    11 |    35 |       ||    65
       Bolt of Magma     |       |       |       |     6 |   107 |   142 |    28 ||   283
       Venom Bolt        |       |       |       |     3 |       |       |       ||     3
       Orb of Destructio |       |       |       |       |    91 |   147 |       ||   238
       Static Discharge  |       |       |       |       |     2 |     1 |       ||     3
       Ignition          |       |       |       |       |       |    54 |     4 ||    58
 Abil: Evoke Flight      |       |     1 |       |       |       |       |       ||     1
       Evoke Invisibilit |       |       |       |       |     1 |       |       ||     1
Evoke: Wand              |       |       |     2 |       |     6 |     3 |       ||    11
       Lamp of fire      |       |       |       |       |     3 |       |       ||     3
       Fan of gales      |       |       |       |       |     1 |       |       ||     1
  Use: Scroll            |     4 |     5 |     9 |    12 |    25 |     8 |     1 ||    64
       Potion            |     2 |     6 |     3 |       |     7 |     2 |       ||    20
 Stab: Sleeping          |       |     1 |     1 |       |       |       |       ||     2
       Distracted        |       |     1 |     1 |       |       |       |       ||     2
       Confused          |       |       |     1 |       |       |       |       ||     1
  Eat: Chunk             |     3 |     7 |     5 |    20 |    58 |    21 |       ||   114
       Bread ration      |       |     1 |     1 |     7 |     6 |     6 |       ||    21
       Royal jelly       |       |     1 |     1 |     1 |     7 |     1 |     2 ||    13
       Fruit             |       |       |       |     2 |     8 |    22 |       ||    32
       Meat ration       |       |       |       |       |     4 |    12 |       ||    16
Armor: Robe              |     4 |       |       |    52 |   133 |       |       ||   189
       Leather armour    |    27 |    39 |    82 |       |       |       |       ||   148
       Skin              |       |    16 |       |       |       |       |       ||    16
       Troll leather arm |       |       |    26 |    16 |       |       |       ||    42
       Swamp dragon scal |       |       |       |       |     1 |   320 |     4 ||   325
Dodge: Dodged            |    60 |    47 |   169 |   133 |   233 |   435 |     9 ||  1086
Block: Other             |       |       |       |       |       |       |     1 ||     1
